 Dungeon Crawl Stone Soup version 0.27.1-1-g398f81649c (webtiles) character file.

Game seed: 5894150713702965316

23 Thatpatchoflichen the Chucker (level 3, 0/37 HPs)
             Began as an Ogre Hunter on Sept 9, 2021.
             Succumbed to an adder's poison
             ... on level 1 of the Dungeon.
             The game lasted 00:04:50 (1461 turns).

Thatpatchoflichen the Chucker (Ogre Hunter)         Turns: 1461, Time: 00:04:51

Health: 0/37       AC:  3    Str: 16    XL:     3   Next: 0%
Magic:  3/3        EV: 10    Int: 12    God:
Gold:   21         SH:  0    Dex: 10    Spells: 2/2 levels left

rFire    . . .     SeeInvis .   l - +3 short sword (speed)
rCold    . . .     Faith    .   (no shield)
rNeg     . . .     Spirit   .   b - +0 robe
rPois    .         Reflect  .   (helmet restricted)
rElec    .         Harm     .   (no cloak)
rCorr    .         Rampage  .   (gloves unavailable)
Will     .....                  (boots unavailable)
Stlth    +.........             g - amulet of the acrobat
HPRegen  0.12/turn              (no ring)
MPRegen  0.08/turn              (no ring)

@: lethally poisoned (0 -> -5)
A: large, unfitting armour, tough skin 1
a: no special abilities


You were on level 1 of the Dungeon.
You visited 1 branch of the dungeon, and saw 2 of its levels.

You collected 51 gold pieces.
You spent 30 gold pieces at shops.

Inventory:

Hand Weapons
 l - a +3 short sword of speed (weapon)
Missiles
 c - 5 large rocks (quivered)
 d - 2 throwing nets
Armour
 b - a +0 robe (worn)
Jewellery
 g - an amulet of the acrobat (around neck)
Scrolls
 h - a scroll of summoning {unknown}
 i - a scroll of identify {unknown}
Potions
 a - a potion of might {unknown}
 e - a potion of berserk rage {unknown}
 f - a potion of resistance {unknown}
 j - a potion of curing
 k - 2 potions of heal wounds {unknown}


   Skills:
 + Level 3.3 Fighting
 - Level 4.0 Throwing
 * Level 2.7 Dodging
 - Level 0.6 Stealth


You had 2 spell levels left.
You didn't know any spells.
Your spell library was empty.

Dungeon Overview and Level Annotations

Branches:
Dungeon (2/15)

Altars:

Shops:
D:1 !:


Innate Abilities, Weirdness & Mutations

You are too large for most types of armour.
You have tough skin. (AC +1)


Message History

You hit the adder.
The adder is heavily wounded.
You feel sick. The adder bites you.
* * * LOW HITPOINT WARNING * * *
You are more poisoned.
The adder poisons you! The jackal closely misses you.
The frilled lizard barely misses you.
The jackal bites you but does no damage.
You closely miss the jackal.
* * * LOW HITPOINT WARNING * * *
You feel sick. The adder closely misses you. The jackal bites you.
* * * LOW HITPOINT WARNING * * *
The jackal bites you but does no damage.
The frilled lizard bites you.
* * * LOW HITPOINT WARNING * * *
You hit the adder.
The adder is almost dead.
* * * LOW HITPOINT WARNING * * *
You feel sick. The adder barely misses you. The jackal barely misses you.
The jackal bites you but does no damage.
You hit the adder.
The adder is almost dead.
* * * LOW HITPOINT WARNING * * *
You feel sick. The adder bites you but does no damage.
The frilled lizard barely misses you.
The jackal bites you but does no damage.
The jackal misses you.
You hit the jackal.
The jackal is almost dead.
* * * LOW HITPOINT WARNING * * *
You feel sick. The adder bites you.
* * * LOW HITPOINT WARNING * * *
The jackal misses you.
The jackal bites you but does no damage.
The frilled lizard closely misses you.
Unknown command.
Unknown command.
You barely miss the jackal.
The jackal is almost dead.
You die...

......÷#_#...........#......#####
........#..##.#..[..>.....#....##
...........##......#..###..##....
.......#..####.....#...###.......
#.....###.# ##.##........##..###.
#.....###.###..###..........##8#.
..............## #....##.#.##....
..............####....##)###.....
...............S@h....#..#8......
#.....#......##lh#...##.##.....#.
##...###########.########.....8#.
##### #.#8###8#.....###.
#............## #. #...........⌠#
## #............## #.
###8###8#.....###. ###
####.....8#.


You could see an adder, 2 jackals and a frilled lizard.

Vanquished Creatures
  An endoplasm (D:1)
  A giant cockroach (D:1)
  2 goblins (D:1)
  2 jackals (D:1)
  2 kobolds (D:1)
  2 quokkas (D:1)
  6 ball pythons (D:1)
  A bat (D:1)
  2 frilled lizards (D:1)
  2 rats (D:1)
21 creatures vanquished.

Notes
Turn   | Place    | Note
-------+----------+-------------------------------------------
     0 | D:1      | Thatpatchoflichen the Ogre Hunter began the quest for the
                  | Orb.
     0 | D:1      | Reached XP level 1. HP: 22/22 MP: 1/1
    79 | D:1      | Found Zesyar's Book Shop.
   259 | D:1      | Reached XP level 2. HP: 11/31 MP: 2/2
   498 | D:1      | Found a faded altar of an unknown god.
   498 | D:1      | Found Loteahu's Distillery.
   674 | D:1      | Bought a potion of curing for 30 gold pieces
  1444 | D:1      | Reached XP level 3. HP: 35/37 MP: 3/3
  1460 | D:1      | HP: 1/37 [adder (3)]
  1461 | D:1      | Succumbed to an adder's poison

Illustrated notes

Levels and vault maps discovered:
D:1:      mrwooster_arrival_arrow, layout_rooms,
          chequers_ecumenical_altar_simple, serial_shops, shop,
          nicolae_shop_stone, serial_corexii_hall, corexii_hall_statues_deadend,
          chequers_hall_statues_y, corexii_hall_statues_deadend,
          corexii_hall_statues_x, chequers_serial_rivers_large_a,
          corexii_corridor_pit
D:2:      layout_basic, basic_altar

Skill      XL: |  1 |
---------------+----+-----
Dodging        | 2 |  2.7
Fighting       | 3 |  3.3
Throwing       | |  4.0
Stealth        | |  0.6

Action                   || total
-------------------------++-------
Melee: Short sword       ||    90
Armor: Robe              ||    34
Dodge: Dodged            ||   103
